 Dungeon Crawl Stone Soup version 0.32-a0-960-g3814254bd7 (webtiles) character file.

Game seed: 12230047220774963909

11439 trashops the Basher (level 11, -9/87 (89) HPs)
             Began as a Mountain Dwarf Fighter on Apr 17, 2024.
             Was a High Priest of Okawaru.
             Mangled by a troll (10 damage)
             ... on level 10 of the Dungeon.
             The game lasted 00:17:58 (8189 turns).

trashops the Basher (Mountain Dwarf Fighter)        Turns: 8189, Time: 00:17:59

HP:   -9/87 (89)    AC: 20    Str: 24    XL:     11   Next: 49%
MP:   9/11          EV: 11    Int:  8    God:    Okawaru [*****.]
Gold: 417           SH:  6    Dex: 12    Spells: 10/10 levels left

rFire   + . .        q - +9 flail of Hahousm {drain, Dex+3}
rCold   . . .        c - +0 buckler
rNeg    . . .        b - +0 scale mail
rPois   .            u - +2 helmet
rElec   .            g - +1 cloak
rCorr   .            k - +2 pair of gloves
SInv    .            (no boots)
Will    +....        j - amulet of regeneration
Stlth   +            l - ring of protection from fire
HPRegen 1.14/turn    (no ring)
MPRegen 0.12/turn

%: no passive effects
@: lethally poisoned (-9 -> -12), heroic, hasted, lightly drained, very quick
A: runic magic, artefact enchanting, frail 1
a: Renounce Religion, Heroism, Finesse, Duel


You were on level 10 of the Dungeon.
You worshipped Okawaru.
Okawaru was extremely pleased with you.
You visited 2 branches of the dungeon, and saw 12 of its levels.
You also visited: Sewer.

You collected 674 gold pieces.
You spent 257 gold pieces at shops.

Inventory:

Hand Weapons
 a - a +1 war axe
 q - the +9 flail of Hahousm (weapon) {drain, Dex+3}
   (You found it in a sewer)

   Dex+3:     It affects your dexterity (+3).
Armour
 b - a +0 scale mail (worn)
 c - a +0 buckler (worn)
 d - a +1 ring mail of cold resistance
 g - a +1 cloak (worn)
 k - a +2 pair of gloves (worn)
 o - a +1 chain mail of fire resistance
 u - a +2 helmet (worn)
 x - the +0 ring mail of the Ward {+Blink SInv}
   (You bought it in a shop on level 7 of the Dungeon)

   SInv:      It lets you see invisible.
   +Blink:    It lets you blink.
Jewellery
 j - an amulet of regeneration (around neck)
 l - a ring of protection from fire (left hand)
Wands
 n - a wand of iceblast (10)
 v - a wand of paralysis (8)
 A - a wand of polymorph (10)
Scrolls
 p - a scroll of fear
 r - a scroll of amnesia
 s - a scroll of enchant weapon
 w - a scroll of enchant armour
 z - a scroll of identify
Potions
 e - 2 potions of enlightenment
 f - 2 potions of invisibility
 i - 3 potions of resistance
 m - a potion of lignification
 t - 3 potions of magic


   Skills:
 * Level 10.0(15.0) Fighting
 + Level 6.5(16.2) Axes
 * Level 14.1(19.7) Maces & Flails
 * Level 10.1(15.1) Armour
 + Level 5.7(10.7) Shields


You had 10 spell levels left.
You didn't know any spells.
Your spell library contained the following spells:

 Spells                   Type           Power      Damage    Failure   Level
 Magic Dart               Conj           0%         1d3       50%         1
 Blink                    Tloc           0%         N/A       65%         2
 Ensorcelled Hibernation  Hex/Ice        0%         N/A       65%         2
 Searing Ray              Conj           0%         2d4       65%         2
 Hailstorm                Conj/Ice       0%         3d5       86%         3
 Inner Flame              Hex/Fire       0%         N/A       86%         3
 Passwall                 Erth           0%         N/A       86%         3
 Swiftness                Air            0%         N/A       86%         3
 Fulminant Prism          Conj/Alch      0%         3d5       99%         4
 Irradiate                Conj/Alch      0%         3d11      100%        5
 Permafrost Eruption      Ice/Erth       0%         2x4d1     100%        6
 Ignition                 Fire           0%         3d3       100%        8
 Call Imp                 Summ           Unusable   N/A       N/A         2
 Summon Ice Beast         Ice/Summ       Unusable   N/A       N/A         3
 Sculpt Simulacrum        Ice/Alch       Unusable   N/A       N/A         6

Dungeon Overview and Level Annotations

Branches:
Dungeon (11/15)            Temple (1/1) D:6            Lair (0/5) D:9
    Orc (0/2) D:10          Sewer (visited)

Altars:
Ashenzari
Cheibriados
Dithmenos
Fedhas
Gozag
Hepliaklqana
Kikubaaqudgha
Makhleb
Okawaru
Qazlal
Ru
Sif Muna
Trog
Uskayaw
Vehumet
Wu Jian
Xom
Zin
The Shining One

Shops:
D:7 [   D:9 *


Innate Abilities, Weirdness & Mutations

Your spellcasting is much less encumbered by armour.
You can use scrolls of enchantment on lesser artefacts.
You are frail. (-10% HP)


Message History

The spectral orc warrior hits you but does no damage.
The spectral orc warrior misses you.
The spectral orc warrior hits you but does no damage.
You block the troll's attack. x2; The troll claws you but does no damage.
Nergalle closely misses you.
You climb upwards.
The spectral orc warrior disappears in a puff of smoke! x3
You feel very sick.
There is a stone staircase leading down here.
You feel yourself speed up.
You feel sick. You block Nergalle's attack. You block the troll's attack.
The troll claws you but does no damage. x2
You sock Nergalle! You drain Nergalle!
Nergalle is almost dead.
You feel sick.
You closely miss Nergalle.
Nergalle is almost dead.
Nergalle hits you but does no damage.
You are lethally poisoned!
The troll bites you but does no damage. You block the troll's attack.
The troll claws you but does no damage.
You sock Nergalle!
You kill Nergalle!
Okawaru accepts your kill.
* * * LOW HITPOINT WARNING * * *
You feel sick.
Your Fighting skill increases to level 10!
You sock the troll! You drain the troll.
The troll is moderately wounded.
* * * LOW HITPOINT WARNING * * *
You feel sick. You block the troll's attack. x2
The troll claws you but does no damage.
Okay, then.
You gain the combat prowess of a mighty hero.
* * * LOW HITPOINT WARNING * * *
You feel sick.
You sock the troll!
The troll is heavily wounded.
* * * LOW HITPOINT WARNING * * *
You feel sick. The troll bites you!
You die...

#.......#......#....#.......#
#.......#...........#.......#####
........#...........#.......##...
........###.........###...#.##.##
......### #..####...# #...#.##.#.
.....## #..#####.####...#.##.#.
##.### #)..........#...#.##.#.
#.###########.T†####.#...#.##.##
#.............)@##.......#.#....
##################.#.##..#.#..##
#.....>.........#.##..#.#....
#.###############.##))#.#.... #.#
#.##.)#.##.#. #.# #.##..#.#.##.
#.# #.##..#.#.... #.#
#.##....#.### #.# #.##.#.......


You could see a troll (drained).

Vanquished Creatures
  A two-headed ogre (D:9)
  Nergalle (D:10)
  Jeremiah (D:9)
  Joseph (D:8)
  2 komodo dragons
  Psyche (D:9)
  4 trolls
  A hornet (D:9)
  Grinder (D:3)
  2 vampires
  14 yaks
  A wyvern (D:7)
  6 humans (D:6)
  A basilisk (D:9)
  4 vampire mosquitoes (D:10)
  3 steam dragons
  A water moccasin (D:8)
  A black bear (D:6)
  2 orc warriors (D:10)
  A sky beast (D:7)
  Pargi (Sewer)
  A centaur (D:10)
  An ogre (D:4)
  A phantom (D:7)
  2 kobold brigands
  A brain worm (Sewer)
  5 bullfrogs
  A gnoll sergeant (D:6)
  3 scorpions
  8 wights
  4 killer bees (D:10)
  5 howler monkeys (D:8)
  2 bombardier beetles
  A hound (D:5)
  4 jellies
  5 orc priests
  A gnoll bouda (D:5)
  4 iguanas
  3 sleepcaps
  6 orc wizards
  12 gnolls
  6 adders
  A white imp (D:5)
  2 ufetubi (D:5)
  A dart slug (D:4)
  A ribbon worm (D:2)
  18 orcs
  12 endoplasms
  9 giant cockroaches
  6 goblins
  3 hobgoblins
  3 jackals (D:4)
  2 quokkas
  A ball python (D:3)
  9 bats
  3 frilled lizards
  28 kobolds
  4 rats
229 creatures vanquished.

Notes
Turn   | Place    | Note
-------+----------+-------------------------------------------
     0 | D:1      | trashops the Mountain Dwarf Fighter began the quest for the
                  | Orb.
     0 | D:1      | Reached XP level 1. HP: 19/19 MP: 1/1
   317 | D:1      | Reached XP level 2. HP: 21/26 MP: 2/2
   934 | D:2      | Reached XP level 3. HP: 33/33 MP: 3/3
  1203 | D:2      | Found a shimmering blue altar of Sif Muna.
  1242 | D:2      | Found a faded altar of an unknown god.
  1412 | D:3      | Found a transporter.
  1425 | D:3      | Found a transporter.
  1680 | D:3      | Found a glowing drain.
  1700 | Sewer    | Entered a sewer
  1720 | Sewer    | Noticed a brain worm
  1727 | Sewer    | Killed a brain worm
  1728 | Sewer    | Reached XP level 4. HP: 31/40 MP: 1/4
  1760 | Sewer    | Noticed Pargi
  1766 | Sewer    | Killed Pargi
  1767 | Sewer    | Reached skill level 5 in Axes
  1767 | Sewer    | Reached XP level 5. HP: 46/46 MP: 5/5
  1789 | Sewer    | Identified the +9 flail of Hahousm {drain, Dex+3}
  1942 | D:3      | Found an ancient bone altar of Kikubaaqudgha.
  1944 | D:3      | Noticed Grinder
  1949 | D:3      | You fall into a shaft and drop 2 floors!
  1949 | D:5      | Entered Level 5 of the Dungeon
  1950 | D:5      | Found a hazy altar of Hepliaklqana.
  2062 | D:5      | Reached XP level 6. HP: 52/52 MP: 6/6
  2066 | D:4      | Reached skill level 1 in Maces & Flails
  2160 | D:3      | Paralysed by Grinder for 5 turns
  2168 | D:3      | Killed Grinder
  2169 | D:3      | Reached skill level 2 in Maces & Flails
  2200 | D:3      | Gained mutation: You are frail. (-10% HP) [potion of
                  | mutation]
  2528 | D:4      | Reached skill level 3 in Maces & Flails
  2528 | D:4      | Reached XP level 7. HP: 46/54 MP: 7/7
  3037 | D:5      | Reached skill level 4 in Maces & Flails
  3102 | D:5      | Reached skill level 5 in Armour
  3139 | D:5      | Reached skill level 5 in Maces & Flails
  3218 | D:5      | Reached skill level 5 in Fighting
  3382 | D:5      | Reached skill level 6 in Maces & Flails
  3382 | D:5      | Reached XP level 8. HP: 59/61 MP: 8/8
  3846 | D:6      | Reached skill level 7 in Maces & Flails
  3872 | D:6      | Found a glowing silver altar of Zin.
  3933 | D:6      | Noticed a troll
  3939 | D:6      | Killed a troll
  4046 | D:6      | Reached skill level 8 in Maces & Flails
  4070 | D:6      | Found a staircase to the Ecumenical Temple.
  4076 | D:6      | Reached XP level 9. HP: 60/69 MP: 9/9
  4083 | Temple   | Entered the Ecumenical Temple
  4088 | Temple   | Became a worshipper of Warmaster Okawaru
  4214 | D:6      | Reached skill level 9 in Maces & Flails
  4351 | D:6      | Reached * piety under Okawaru
  4684 | D:7      | Reached skill level 10 in Maces & Flails
  5208 | D:7      | Found Sogesuruss's Antique Armour Emporium.
  5212 | D:7      | Bought an ichor-stained ring mail for 243 gold pieces
  5212 | D:7      | Identified the +0 ring mail of the Ward {+Blink SInv} (You
                  | bought it in a shop on level 7 of the Dungeon)
  5390 | D:8      | Reached ** piety under Okawaru
  5409 | D:8      | Reached skill level 11 in Maces & Flails
  5409 | D:8      | Reached XP level 10. HP: 68/77 MP: 10/10
  5495 | D:8      | Noticed Joseph
  5960 | D:8      | Reached skill level 5 in Shields
  6023 | D:8      | Killed Joseph
  6423 | D:9      | Found Kufoetsucw's General Store.
  6450 | D:9      | Bought a potion of degeneration for 14 gold pieces
  6520 | D:9      | Noticed Psyche
  6524 | D:9      | Killed Psyche
  6524 | D:9      | Reached *** piety under Okawaru
  6558 | D:9      | Reached skill level 12 in Maces & Flails
  6674 | D:9      | Noticed Jeremiah
  6681 | D:9      | Paralysed by a hornet for 3 turns
  6698 | D:9      | Paralysed by Jeremiah for 4 turns
  6707 | D:9      | Killed Jeremiah
  6707 | D:9      | Reached **** piety under Okawaru
  6855 | D:9      | Noticed a two-headed ogre
  6869 | D:9      | Killed a two-headed ogre
  6877 | D:9      | Reached skill level 13 in Maces & Flails
  6877 | D:9      | Found a staircase to the Lair.
  7101 | D:10     | Entered Level 10 of the Dungeon
  7133 | D:10     | Reached XP level 11. HP: 85/87 MP: 11/11
  7505 | D:10     | Found a stormy altar of Qazlal.
  7792 | D:10     | Found a staircase to the Orcish Mines.
  8074 | D:10     | Reached ***** piety under Okawaru
  8144 | D:11     | Noticed Nergalle
  8152 | D:10     | Reached skill level 14 in Maces & Flails
  8152 | D:10     | Reached skill level 10 in Armour
  8186 | D:10     | Killed Nergalle
  8187 | D:10     | Reached skill level 10 in Fighting
  8187 | D:10     | HP: 3/87 [poisoned by Nergalle]
  8189 | D:10     | HP: 1/87 [poisoned by Nergalle]
  8189 | D:10     | Mangled by a troll

Illustrated notes

Levels and vault maps discovered:
D:1:      minmay_arrival_diagonal_passages, layout_rooms, patterned_corridor
D:2:      layout_loops_ring, hellmonk_ecumenical_altar_inner_sanctum,
          basic_altar
D:3:      gammafunk_wand_slinger, layout_loops_corners,
          mainiacjoe_overflow_small_starburst, portal_sewer_entry_f,
          nicolae_elevator_lobby_asterisk, uniq_grinder
D:4:      layout_loops_cross
D:5:      kennysheep_kobold_camp, layout_basic,
          mainiacjoe_overflow_concentric_impassable
D:6:      layout_gridville, mainiacjoe_overflow_paths,
          minmay_temple_entry_sparse_star, minmay_ruffians
D:7:      layout_basic, serial_shops, nicolae_shop_trees, nicolae_tricolors
D:8:      layout_basic, uniq_joseph
D:9:      layout_loops_cross, david_lair_shrubbed, serial_shops, shop_fountains,
          uniq_psyche, uniq_jeremiah
D:10:     layout_basic, nicolae_overflow_hidden_temple, orc_0_dummy
D:11:     layout_small_grid, uniq_nergalle
Temple:   minmay_freezing_vapour_temple

Skill      XL: |  1  2  3  4  5  6  7  8  9 10 11 |
---------------+----------------------------------+-----
Axes           | 3 4 5 6 |  6.5
Armour         | 4 5 6 8 9 10 | 10.1
Fighting       | 4 5 6 7 9 10 | 10.0
Maces & Flails | 3 6 8 11 13 14 | 14.1
Shields        | 4 5 |  5.7

Action                     |  1- 3 |  4- 6 |  7- 9 | 10-12 || total
---------------------------+-------+-------+-------+-------++-------
  Melee: War axe           |   129 |     2 |       |       ||   131
         Flail             |       |    27 |   255 |   237 ||   519
 Invoke: Heroism           |       |       |       |     1 ||     1
    Use: Scroll            |     2 |     3 |     8 |     3 ||    16
         Potion            |     1 |     6 |     2 |     3 ||    12
 Armour: Scale mail        |    86 |    13 |   288 |   189 ||   576
         Skin              |       |       |       |     1 ||     1
  Dodge: Dodged            |    61 |    15 |   148 |    80 ||   304
  Block: Buckler           |    33 |     2 |    93 |    58 ||   186

Table legend: (Time is in decaauts)
 A = Elapsed time spent in this place.
 B = Non-inter-level travel time spent in this place.
 C = Inter-level travel time spent in this place.
 D = Time resting spent in this place.
 E = Time spent auto-exploring this place.
 F = Levels seen in this place.
 G = Mean time per level.
                   A        B        C        D        E       F      G
               +--------+--------+--------+--------+--------+-----+--------+
         Total |   8139 |   7861 |    278 |    356 |   5479 |  13 |  626.1 |
       Dungeon |   8000 |   7722 |    278 |    348 |   5424 |  11 |  727.3 |
        Temple |     10 |     10 |      0 |      0 |      0 |   1 |   10.0 |
         Sewer |    128 |    128 |      0 |      8 |     55 |   1 |  128.0 |
               +--------+--------+--------+--------+--------+-----+--------+

Top non-repeatable levels by time:
    D:10: 1031 daAuts
     D:6: 968 daAuts
     D:3: 934 daAuts
     D:9: 901 daAuts
     D:8: 785 daAuts
     D:5: 778 daAuts
     D:2: 695 daAuts
     D:7: 686 daAuts
     D:1: 612 daAuts
     D:4: 581 daAuts
   Sewer: 128 daAuts
    D:11: 23 daAuts
  Temple: 10 daAuts
